HSSL
BISHOP VEROT HS @ BROKEN ARROW HS
05/03/2030
 
TOP OF THE 1ST
Bishop Verot HS batting - Pitching for Broken Arrow HS : RHP Rod Jordan
Pitching: RHP Rod Jordan
Batting: RHB Rafael Sánchez 0-0: Bunted foul
0-1: Foul Ball, location: 2F
0-2: Foul Ball, location: 2F
0-2: Hit by Pitch
Batting: LHB Fred Peters 0-0: Ball
1-0: Ball
2-0: DOUBLE (Line Drive, 89D)
Rafael Sánchez to third
Batting: RHB Martin Davis 0-0: Called Strike
0-1: DOUBLE (Flyball, 8RXD)
Rafael Sánchez scores
Fred Peters scores
Batting: RHB Mike Harris 0-0: Ball
1-0: Fly out, F7 (Flyball, 7S)
Batting: LHB Mario Rodríguez 0-0: Ball
1-0: Swinging Strike
1-1: Foul Ball, location: 2F
1-2: Ball
2-2: Strikes out swinging
Batting: RHB Bob Williams 0-0: Ball
1-0: Called Strike
1-1: Foul Ball, location: 2F
1-2: Strikes out looking
Top of the 1st over - 2 runs, 2 hits, 0 errors, 1 left on base; Bishop Verot HS 2 - Broken Arrow HS 0
BOTTOM OF THE 1ST
Broken Arrow HS batting - Pitching for Bishop Verot HS : RHP Archie Sánchez
Pitching: RHP Archie Sánchez
Batting: RHB Bo Long 0-0: Ball
1-0: Foul Ball, location: 2F
1-1: Ball
2-1: Bunt for hit - play at first, batter OUT! 1-3
Batting: LHB James Carlson 0-0: Swinging Strike
0-1: Ball
1-1: Ball
2-1: Ball
3-1: Base on Balls
Batting: RHB Alejandro Vélez 0-0: Swinging Strike
0-1: SINGLE (Line Drive, 3)
James Carlson to second
Runner from 2nd tries for 3rd, SAFE, throw made to third
Batting: LHB Michael Keller 0-0: Ball
1-0: Ball
2-0: Ball
3-0: Called Strike
3-1: Foul Ball, location: 2F
3-2: Strikes out looking
Batting: RHB Donnie Bryan 0-0: Ground out 5-3 (Groundball, 5S)
Bottom of the 1st over - 0 runs, 1 hit, 0 errors, 2 left on base; Bishop Verot HS 2 - Broken Arrow HS 0
TOP OF THE 2ND
Bishop Verot HS batting - Pitching for Broken Arrow HS : RHP Rod Jordan
Batting: RHB Frank Rangel 0-0: Swinging Strike
0-1: SINGLE (Groundball, 34D)
Batting: RHB Jorge Franco 0-0: Foul Ball, location: 2F
0-1: Ground out 3-1 (Groundball, 34S)
Frank Rangel to second
Batting: RHB José Mejía 0-0: Called Strike
0-1: Fly out, F9 (Flyball, 9)
Batting: RHB Rafael Sánchez 0-0: Ball
1-0: Ball
2-0: Called Strike
2-1: Hit by Pitch
Batting: LHB Fred Peters 0-0: Called Strike
0-1: Ball
1-1: Ball
2-1: Ball
3-1: Base on Balls
Frank Rangel to third
Rafael Sánchez to second
Batting: RHB Martin Davis 0-0: Swinging Strike
0-1: Ball
1-1: Foul Ball, location: 2F
1-2: Strikes out looking
Top of the 2nd over - 0 runs, 1 hit, 0 errors, 3 left on base; Bishop Verot HS 2 - Broken Arrow HS 0
BOTTOM OF THE 2ND
Broken Arrow HS batting - Pitching for Bishop Verot HS : RHP Archie Sánchez
Batting: SHB Heath Rhodes 0-0: Called Strike
0-1: Foul Ball, location: 2F
0-2: Strikes out swinging
Batting: LHB Mac Little 0-0: Called Strike
0-1: Swinging Strike
0-2: Foul Ball, location: 2F
0-2: Foul Ball, location: 2F
0-2: Foul Ball, location: 2F
0-2: Ball
1-2: Ball
2-2: Ball
3-2: Ground out U3 (Groundball, 34)
Batting: RHB James Thompson 0-0: Ball
1-0: Swinging Strike
1-1: Ball
2-1: Foul Ball, location: 2F
2-2: Ball
3-2: Fly out, F8 (Flyball, 89D)
Bottom of the 2nd over - 0 runs, 0 hits, 0 errors, 0 left on base; Bishop Verot HS 2 - Broken Arrow HS 0
TOP OF THE 3RD
Bishop Verot HS batting - Pitching for Broken Arrow HS : RHP Rod Jordan
Batting: RHB Mike Harris 0-0: SINGLE (Line Drive, 7S)
Batting: LHB Mario Rodríguez 0-0: Ball
1-0: Swinging Strike
1-1: SINGLE (Groundball, 15) (infield hit)
Mike Harris to second
Batting: RHB Bob Williams 0-0: Ball
1-0: SINGLE (Line Drive, 9S)
Mike Harris to third
Mario Rodríguez to second
Runner from 3rd tries for Home, SAFE, throw made home
Batting: RHB Frank Rangel 0-0: Ball
1-0: Ball
2-0: Called Strike
2-1: Swinging Strike
2-2: Strikes out swinging
Batting: RHB Jorge Franco 0-0: Ball
1-0: Foul Ball, location: 2F
1-1: 3-RUN HOME RUN (Flyball, 7LD), Distance : 358 ft
Batting: RHB José Mejía 0-0: Ball
1-0: Fly out, F3 (Popup, 34S)
Batting: RHB Rafael Sánchez 0-0: Called Strike
0-1: Ground out 1-3 (Groundball, P)
Top of the 3rd over - 4 runs, 4 hits, 0 errors, 0 left on base; Bishop Verot HS 6 - Broken Arrow HS 0
BOTTOM OF THE 3RD
Broken Arrow HS batting - Pitching for Bishop Verot HS : RHP Archie Sánchez
Batting: RHB Paul Dowd 0-0: Ball
1-0: Ball
2-0: Foul Ball, location: 2F
2-1: Ball
3-1: Base on Balls
Batting: RHB Bo Long 0-0: Swinging Strike
0-1: Called Strike
0-2: Strikes out swinging
Batting: LHB James Carlson 0-0: Foul Ball, location: 2F
0-1: Fielders Choice at 2nd, 6-4 (Groundball, 6)
Batting: RHB Alejandro Vélez 0-0: Ball
1-0: Ball
2-0: Foul Ball, location: 2F
2-1: Ground out 4-3 (Groundball, 34)
Bottom of the 3rd over - 0 runs, 0 hits, 0 errors, 1 left on base; Bishop Verot HS 6 - Broken Arrow HS 0
TOP OF THE 4TH
Bishop Verot HS batting - Pitching for Broken Arrow HS : RHP Rod Jordan
Batting: LHB Fred Peters 0-0: Foul Ball, location: 2F
0-1: Ball
1-1: Foul Ball, location: 2F
1-2: Foul Ball, location: 2F
1-2: Strikes out swinging
Batting: RHB Martin Davis 0-0: Swinging Strike
0-1: Foul Ball, location: 2F
0-2: Ball
1-2: Ball
2-2: Strikes out swinging
Batting: RHB Mike Harris 0-0: Called Strike
0-1: Ball
1-1: Fly out, F8 (Flyball, 8LS)
Top of the 4th over - 0 runs, 0 hits, 0 errors, 0 left on base; Bishop Verot HS 6 - Broken Arrow HS 0
BOTTOM OF THE 4TH
Broken Arrow HS batting - Pitching for Bishop Verot HS : RHP Archie Sánchez
Batting: LHB Michael Keller 0-0: Ball
1-0: Ball
2-0: Ball
3-0: Base on Balls
Batting: RHB Donnie Bryan 0-0: Called Strike
0-1: Ball
1-1: Foul Ball, location: 2F
1-2: Ball
2-2: SINGLE (Groundball, 56D)
Michael Keller to second
Batting: SHB Heath Rhodes 0-0: Ball
1-0: Called Strike
1-1: Foul Ball, location: 2F
1-2: Ball
2-2: Foul Ball, location: 2F
2-2: SINGLE (Line Drive, 7S)
Michael Keller to third
Donnie Bryan to second
Batting: LHB Mac Little 0-0: Called Strike
0-1: Ball
1-1: Ball
2-1: GRAND SLAM HOME RUN (Flyball, 7D), Distance : 403 ft
Batting: RHB James Thompson 0-0: Ball
1-0: Fly out, F8 (Flyball, 8RS)
Batting: RHB Paul Dowd 0-0: Ball
1-0: Swinging Strike
1-1: Foul Ball, location: 2F
1-2: Foul Ball, location: 2F
1-2: Foul Ball, location: 2F
1-2: Foul Ball, location: 2F
1-2: Strikes out swinging
Batting: RHB Bo Long 0-0: Ball
1-0: Swinging Strike
1-1: Swinging Strike
1-2: Foul Ball, location: 2F
1-2: Strikes out swinging
Bottom of the 4th over - 4 runs, 3 hits, 0 errors, 0 left on base; Bishop Verot HS 6 - Broken Arrow HS 4
TOP OF THE 5TH
Bishop Verot HS batting - Pitching for Broken Arrow HS : RHP Rod Jordan
Batting: LHB Mario Rodríguez 0-0: Foul Ball, location: 2F
0-1: Swinging Strike
0-2: Foul Ball, location: 2F
0-2: Foul Ball, location: 2F
0-2: Strikes out swinging
Batting: RHB Bob Williams 0-0: Fly out, F7 (Flyball, 7S)
Batting: RHB Frank Rangel 0-0: Called Strike
0-1: Ball
1-1: Fly out, F9 (Flyball, 9S)
Top of the 5th over - 0 runs, 0 hits, 0 errors, 0 left on base; Bishop Verot HS 6 - Broken Arrow HS 4
BOTTOM OF THE 5TH
Broken Arrow HS batting - Pitching for Bishop Verot HS : RHP Archie Sánchez
Pitching: LHP Alfredo Deleón
Batting: LHB James Carlson 0-0: Ball
1-0: Called Strike
1-1: Ground out 6-3 (Groundball, 6M)
Batting: RHB Alejandro Vélez 0-0: Called Strike
0-1: Ball
1-1: Swinging Strike
1-2: Hit by Pitch
Batting: LHB Michael Keller 0-0: Called Strike
0-1: Swinging Strike
0-2: Foul Ball, location: 2F
0-2: Strikes out swinging
Batting: RHB Donnie Bryan 0-0: Called Strike
0-1: Swinging Strike
0-2: Ball
1-2: Ground out 6-3 (Groundball, 56)
Bottom of the 5th over - 0 runs, 0 hits, 0 errors, 1 left on base; Bishop Verot HS 6 - Broken Arrow HS 4
TOP OF THE 6TH
Bishop Verot HS batting - Pitching for Broken Arrow HS : RHP Rod Jordan
Batting: RHB Jorge Franco 0-0: Swinging Strike
0-1: Foul Ball, location: 2F
0-2: Strikes out swinging
Pitching: RHP Elvin Pierce
Batting: RHB José Mejía 0-0: Called Strike
0-1: Foul Ball, location: 2F
0-2: Ball
1-2: SINGLE (Line Drive, 6MD)
Batting: RHB Rafael Sánchez 0-0: Swinging Strike
0-1: Ball
1-1: Ball
2-1: Ball
3-1: Fielders Choice at 2nd, 1-6 (Groundball, P)
Batting: LHB Fred Peters 0-0: Ball
1-0: Called Strike
Rafael Sánchez steals 2nd base
1-1: Called Strike
1-2: Ball
2-2: Ball
3-2: Foul Ball, location: 2F
3-2: Base on Balls
Batting: RHB Martin Davis 0-0: Called Strike
0-1: Ball
1-1: Swinging Strike
1-2: Foul Ball, location: 2F
1-2: Ball
2-2: Fielders Choice at 2nd, 5-4 (Groundball, 56)
Top of the 6th over - 0 runs, 1 hit, 0 errors, 2 left on base; Bishop Verot HS 6 - Broken Arrow HS 4
BOTTOM OF THE 6TH
Broken Arrow HS batting - Pitching for Bishop Verot HS : LHP Alfredo Deleón
Batting: SHB Heath Rhodes 0-0: Ball
1-0: Ball
2-0: Ball
3-0: Base on Balls
Batting: LHB Mac Little 0-0: Fly out, F7 (Flyball, 7)
Batting: RHB James Thompson 0-0: Called Strike
0-1: Ball
1-1: Fly out, F7 (Flyball, 7S)
Now in LF: Scott Warren
Batting: RHB Paul Dowd 0-0: Called Strike
0-1: Ground out 4-3 (Groundball, 34)
Bottom of the 6th over - 0 runs, 0 hits, 0 errors, 1 left on base; Bishop Verot HS 6 - Broken Arrow HS 4
TOP OF THE 7TH
Bishop Verot HS batting - Pitching for Broken Arrow HS : RHP Elvin Pierce
Batting: RHB Mike Harris 0-0: Ball
1-0: Ball
2-0: Called Strike
2-1: Ball
3-1: Base on Balls
Pitching: LHP Alonso Villanueva
Batting: LHB Mario Rodríguez 0-0: Fly out, F7 (Flyball, 7S)
Pitching: RHP Larry Gray
Batting: RHB Bob Williams 0-0: Called Strike
0-1: Ball
Mike Harris is caught stealing 2nd base
1-1: Called Strike
1-2: Ball
2-2: Foul Ball, location: 2F
2-2: Foul Ball, location: 2F
2-2: Foul Ball, location: 2F
2-2: Ball
3-2: Strikes out swinging
Top of the 7th over - 0 runs, 0 hits, 0 errors, 0 left on base; Bishop Verot HS 6 - Broken Arrow HS 4
BOTTOM OF THE 7TH
Broken Arrow HS batting - Pitching for Bishop Verot HS : LHP Alfredo Deleón
Batting: RHB Bo Long 0-0: Fly out, F6 (Line Drive, 6)
Batting: LHB James Carlson 0-0: Ball
1-0: Fly out, F4 (Line Drive, 4)
Batting: RHB Alejandro Vélez 0-0: Swinging Strike
0-1: Called Strike
0-2: Ball
1-2: SINGLE (Groundball, 5D)
Batting: LHB Michael Keller 0-0: Fly out, F9 (Flyball, 89D)
Bottom of the 7th over - 0 runs, 1 hit, 0 errors, 1 left on base; Bishop Verot HS 6 - Broken Arrow HS 4
TOP OF THE 8TH
Bishop Verot HS batting - Pitching for Broken Arrow HS : RHP Larry Gray
Pitching: LHP Roger Macías
Batting: SHB Scott Warren 0-0: Ground out 6-3 (Groundball, 6)
Batting: RHB Jorge Franco 0-0: Called Strike
0-1: Ball
1-1: DOUBLE (Line Drive, 78D)
Batting: RHB José Mejía 0-0: Called Strike
0-1: Ball
1-1: Ground out 4-3 (Groundball, 4D)
Jorge Franco to third
Batting: RHB Rafael Sánchez 0-0: Called Strike
0-1: Foul Ball, location: 2F
0-2: Ball
1-2: SINGLE (Groundball, 4MD)
Jorge Franco scores
Batting: LHB Fred Peters 0-0: Called Strike
0-1: Ball
Rafael Sánchez steals 2nd base
1-1: Ball
2-1: Foul Ball, location: 2F
2-2: Ground out 4-3 (Groundball, 4)
Top of the 8th over - 1 run, 2 hits, 0 errors, 1 left on base; Bishop Verot HS 7 - Broken Arrow HS 4
BOTTOM OF THE 8TH
Broken Arrow HS batting - Pitching for Bishop Verot HS : LHP Alfredo Deleón
Batting: RHB Donnie Bryan 0-0: Ball
1-0: Foul Ball, location: 2F
1-1: Fly out, F9 (Flyball, 9S)
Batting: SHB Heath Rhodes 0-0: Foul Ball, location: 2F
0-1: Ball
1-1: Fly out, F8 (Flyball, 8RXD)
Batting: LHB Mac Little 0-0: Called Strike
0-1: Ball
1-1: SINGLE (Groundball, 6MS) (infield hit)
Batting: RHB James Thompson 0-0: Ball
1-0: Fly out, F9 (Flyball, 9D)
Bottom of the 8th over - 0 runs, 1 hit, 0 errors, 1 left on base; Bishop Verot HS 7 - Broken Arrow HS 4
TOP OF THE 9TH
Bishop Verot HS batting - Pitching for Broken Arrow HS : LHP Roger Macías
Batting: RHB Martin Davis 0-0: Ball
1-0: Called Strike
1-1: Foul Ball, location: 2F
1-2: Ball
2-2: Strikes out swinging
Batting: RHB Mike Harris 0-0: SINGLE (Groundball, 6MD)
Batting: LHB Mario Rodríguez 0-0: Ball
1-0: Fly out, F8 (Flyball, 8RD)
Batting: RHB Bob Williams 0-0: Ball
1-0: Ball
Mike Harris steals 2nd base
2-0: Called Strike
2-1: Foul Ball, location: 2F
2-2: Foul Ball, location: 2F
2-2: Foul Ball, location: 2F
2-2: Strikes out looking
Top of the 9th over - 0 runs, 1 hit, 0 errors, 1 left on base; Bishop Verot HS 7 - Broken Arrow HS 4
BOTTOM OF THE 9TH
Broken Arrow HS batting - Pitching for Bishop Verot HS : LHP Alfredo Deleón
Batting: RHB Paul Dowd 0-0: Ball
1-0: Called Strike
1-1: Foul Ball, location: 2F
1-2: Strikes out swinging
Batting: RHB Bo Long 0-0: Called Strike
0-1: Swinging Strike
0-2: Foul Ball, location: 2F
0-2: Foul Ball, location: 2F
0-2: Ball
1-2: Strikes out swinging
Batting: LHB James Carlson 0-0: Called Strike
0-1: Ball
1-1: SINGLE (Groundball, 6MD)
Batting: RHB Alejandro Vélez 0-0: Foul Ball, location: 2F
0-1: Ball
1-1: Foul Ball, location: 2F
1-2: Strikes out swinging
Bottom of the 9th over - 0 runs, 1 hit, 0 errors, 1 left on base; Bishop Verot HS 7 - Broken Arrow HS 4
Saturday, April 7th, 2018 - OOTP Baseball 18.8 Build 76